 Dungeon Crawl Stone Soup version 0.21.1-1-g345015f (webtiles) character file.

96 inc the Sneak (level 4, -20/27 HPs)
             Began as an Octopode Enchanter on Apr 23, 2018.
             Demolished by an ogre
             ... wielding a +0 giant club
              (22 damage)
             ... on level 4 of the Dungeon.
             The game lasted 00:03:51 (1863 turns).

inc the Sneak (Octopode Enchanter)                  Turns: 1863, Time: 00:03:51

Health: -20/27     AC:  1    Str:  7    XL:     4   Next: 67%
Magic:  5/7        EV: 13    Int: 18    God:
Gold:   143        SH:  0    Dex: 12    Spells: 1/7 levels left

rFire    . . .     SeeInvis .   e - +1 dagger (holy)
rCold    . . .     Gourm    .   (no shield)
rNeg     . . .     Faith    .   (helmet restricted)
rPois    .         Spirit   .   h - amulet of regeneration
rElec    .         Reflect  .   (no ring)
rCorr    .         Harm     .   (no ring)
MR       .....                  (no ring)
Stlth    ++++......             (no ring)
HPRegen  0.49/turn              (no ring)
MPRegen  0.10/turn              (no ring)
                                (no ring)
                                (no ring)

@: no status effects
A: almost no armour, stealthy swim, amphibious, 8 rings, constrict 8, camouflage
1, gelatinous body 1
a: no special abilities


You were on level 4 of the Dungeon.
You were very hungry.

You visited 1 branch of the dungeon, and saw 4 of its levels.

You collected 143 gold pieces.

Inventory:

Hand Weapons
 a - a +1 dagger
 e - a +1 dagger of holy wrath (weapon)
Jewellery
 h - an amulet of regeneration (around mantle)
Wands
 k - a wand of random effects (13)
Scrolls
 f - a scroll of remove curse {unknown}
 g - 3 scrolls of identify {unknown}
 l - a scroll of fog {unknown}
 m - a scroll of enchant armour {unknown}
Potions
 d - 2 potions of agility {unknown}
 i - 2 potions of flight {unknown}
 j - a potion of curing {unknown}
Books
 b - a book of Maledictions

   Spells                             Type                      Level
   a - Corona                         Hexes                        1
   b - Ensorcelled Hibernation        Hexes/Ice                    2
   c - Confuse                        Hexes                        3
   d - Tukima's Dance                 Hexes                        3
   e - Dazzling Spray                 Conjuration/Hexes            3
Comestibles
 c - 6 rations


   Skills:
 - Level 1.0 Short Blades
 - Level 2.0 Dodging
 + Level 7.4 Stealth
 - Level 2.0 Spellcasting
 - Level 3.0 Hexes


You had one spell level left.
You knew the following spells:

 Your Spells              Type           Power        Failure   Level  Hunger
a - Corona                Hex            ##.....      5%          1    #......
b - Ensorcelled Hibernat  Hex/Ice        #.....       14%         2    ###....
c - Confuse               Hex            ##......     16%         3    ###....


Dungeon Overview and Level Annotations

Branches:
Dungeon (4/15)
 Temple: D:4-7

Altars:
Cheibriados
Dithmenos
Hepliaklqana
Makhleb
Okawaru
Qazlal
Wu Jian
Yredelemnul

Annotations:
D:3 Sigmund


Innate Abilities, Weirdness & Mutations

You cannot wear most types of armour.
You are very stealthy in the water. (Stealth+)
You are amphibious.
You can wear up to eight rings at the same time.
You can use your tentacles to constrict eight enemies at once.
Your skin changes colour to match your surroundings (Stealth+).
Your rubbery body absorbs attacks. (AC +1, EV +1)


Message History

Aim: an ogre, wielding a giant club (chance to defeat MR: 38%)
The ogre looks drowsy...
You are feeling very hungry.
Found a twisted emerald amulet.
The helpless ogre fails to defend itself.
You impale the ogre!!
The ogre is almost dead.
The ogre misses you.
You closely miss the ogre.
The ogre is almost dead.
The ogre hits you with a giant club!!
Ouch! That really hurt!
* * * LOW HITPOINT WARNING * * *
You barely miss the ogre.
The ogre is almost dead.
You hit the ogre.
The ogre is almost dead.
The ogre hits you with a giant club!!
Ouch! That really hurt!
You die...

....... .♣ ....
..................
..........♣.♣.....
..................
."........♣$♣.....
..................
..................
......O...<.......
.......@..........
........[.........
..................
###...............
#...............
#...............
#...............
#..............


You could see an ogre.

Vanquished Creatures
  3 adders
  2 worms
  5 dart slugs
  A leopard gecko (D:2)
  An orc (D:4)
  5 bats
  3 giant cockroaches
  12 goblins
  2 hobgoblins (D:3)
  6 kobolds
  A quokka (D:2)
  2 frilled lizards (D:2)
  8 rats
51 creatures vanquished.

Notes
Turn   | Place    | Note
-------+----------+-------------------------------------------
     0 | D:1      | inc the Octopode Enchanter began the quest for the Orb.
     0 | D:1      | Reached XP level 1. HP: 11/11 MP: 3/3
    35 | D:1      | Reached XP level 2. HP: 4/17 MP: 5/5
   334 | D:1      | Reached skill level 5 in Stealth
   567 | D:1      | You fall through a shaft!
   567 | D:2      | Found a hazy altar of Hepliaklqana.
   567 | D:2      | Found an ornate altar of the Wu Jian Council.
   567 | D:2      | Found a shadowy altar of Dithmenos.
   567 | D:2      | Found a snail-covered altar of Cheibriados.
   567 | D:2      | Found a burning altar of Makhleb.
   670 | D:2      | Reached XP level 3. HP: 18/21 MP: 6/6
   707 | D:2      | Found an iron altar of Okawaru.
   801 | D:2      | Found a stormy altar of Qazlal.
   806 | D:2      | Found a basalt altar of Yredelemnul.
   837 | D:2      | Reached skill level 6 in Stealth
  1129 | D:3      | Reached XP level 4. HP: 27/27 MP: 7/7
  1236 | D:3      | Reached skill level 7 in Stealth
  1572 | D:3      | Noticed Sigmund
  1699 | D:2      | Learned a level 2 spell: Ensorcelled Hibernation
  1703 | D:2      | Learned a level 3 spell: Confuse
  1852 | D:4      | Noticed an ogre
  1861 | D:4      | HP: 1/27 [ogre/giant club (26)]
  1863 | D:4      | Demolished by an ogre

Skill      XL: |  1  2  3  4 |
---------------+-------------+-----
Stealth        | 5 6 7 |  7.4
Short Blades   | |  1.0
Dodging        | |  2.0
Spellcasting   | |  2.0
Hexes          | |  3.0

Action                   |  1- 3 |  4- 6 || total
-------------------------+-------+-------++-------
Melee: Dagger            |    74 |    39 ||   113
       Constrict         |    16 |     7 ||    23
       Tentacles         |    12 |     8 ||    20
 Cast: Ensorcelled Hiber |       |     1 ||     1
 Stab: Sleeping          |    13 |     7 ||    20
  Eat: Chunk             |     1 |     1 ||     2
Armor: Skin              |     5 |       ||     5
Dodge: Dodged            |    29 |    15 ||    44
